 Dungeon Crawl Stone Soup version 0.24-a0-516-g9de272bb65 (webtiles) character file.

Game seed: 6696393901153482382

2404 Gargoyl the Covered (level 9, -6/74 HPs)
             Began as a Centaur Abyssal Knight on July 22, 2019.
             Was a Priest of Lugonu.
             Mangled by a death knight
             ... wielding a +1 battleaxe of flaming
              (16 damage)
             ... on level 7 of the Dungeon.
             The game lasted 00:12:58 (8425 turns).

Gargoyl the Covered (Centaur Abyssal Knight)        Turns: 8425, Time: 00:12:58

Health: -6/74      AC: 18    Str: 17    XL:     9   Next: 23%
Magic:  12/12      EV:  4    Int: 11    God:    Lugonu [***...]
Gold:   438        SH:  0    Dex: 10    Spells: 8/8 levels left

rFire    + . .     SeeInvis .   v - +4 flail of Weapir {freeze, -Tele MR+++}
rCold    + . .     Gourm    .   (no shield)
rNeg     . . .     Faith    .   q - +1 plate armour
rPois    .         Spirit   .   u - +2 helmet
rElec    .         Reflect  .   (no cloak)
rCorr    .         Harm     .   t - +2 pair of gloves
MR       +++..     NoTele   +   (no barding)
Stlth    ..........             (no amulet)
HPRegen  0.22/turn              h - ring of protection from cold
MPRegen  0.13/turn              k - ring of protection from fire

@: lethally poisoned (-6 -> -9), studying Crossbows, very quick
A: large, hooves 3, deformed body, speed 2, tough skin 3
a: Depart the Abyss, Bend Space, Banish, Renounce Religion


You were on level 7 of the Dungeon.
You worshipped Lugonu.
Lugonu was most pleased with you.
You were not hungry.

You visited 1 branch of the dungeon, and saw 7 of its levels.
You visited the Abyss 1 time.

You collected 438 gold pieces.

Inventory:

Hand Weapons
 a - a +1 hand axe
 v - the +4 flail of Weapir (weapon) {freeze, -Tele MR+++}
   (You found it on level 7 of the Dungeon)

   It has been specially enchanted to freeze those struck by it, causing extra
   injury to most foes and up to half again as much damage against particularly
   susceptible opponents.
   It can also slow down cold-blooded creatures.
   It affects your resistance to hostile enchantments.
   It prevents most forms of teleportation.
Armour
 q - a +1 plate armour (worn)
 t - a +2 pair of gloves (worn)
 u - a +2 helmet (worn)
Jewellery
 g - an uncursed ring of flight
 h - a ring of protection from cold (left hand)
 k - a ring of protection from fire (right hand)
 s - a +2 ring of strength {unknown}
Wands
 n - a wand of paralysis (4)
Scrolls
 b - a scroll of magic mapping
 d - 3 scrolls of remove curse
 f - a scroll of teleportation
 l - a scroll of blinking
 r - 2 scrolls of identify
Potions
 e - a potion of curing
 i - 2 potions of ambrosia
 j - a potion of haste
 m - a potion of resistance
 o - 2 potions of degeneration {unknown}
 w - a potion of flight
Books
 p - a manual of Crossbows
Comestibles
 c - 9 rations


   Skills:
 + Level 5.2 Fighting
 + Level 5.4(5.5) Axes
 + Level 1.5(3.7) Maces & Flails
 * Level 5.8 Armour
 * Level 3.5 Dodging
 * Level 5.2 Invocations
 + Level 0.6 Evocations


You had 8 spell levels left.
You didn't know any spells.
Your spell library contained the following spells:

 Spells                   Type           Power        Failure   Level  Hunger
 Flame Tongue             Conj/Fire      #....        100%        1    ##.....
 Throw Flame              Conj/Fire      #.....       100%        2    ###....
 Conjure Flame            Conj/Fire      #.......     100%        3    ####...
 Inner Flame              Hex/Fire       #.......     100%        3    ####...
 Sticky Flame             Conj/Fire      #.......     100%        4    #####..
 Fireball                 Conj/Fire      #.........   100%        5    ######.


Dungeon Overview and Level Annotations

Branches:
Dungeon (7/15)             Temple (0/1) D:5

Altars:
Ru
Yredelemnul
Zin

Annotations:
D:7 1 transporter


Innate Abilities, Weirdness & Mutations

You have hooves in place of feet.
Armour fits poorly on your strangely shaped body.
You cover ground very quickly.
You have extremely tough skin. (AC +3)


Message History

You kill the worker ant!
Lugonu accepts your kill.
You feel sick.
The death knight hits you with a +1 battleaxe of flaming!
The death knight burns you.
You hit the death knight. You freeze the death knight.
The death knight is lightly wounded.
You feel sick.
The death knight hits you with a +1 battleaxe of flaming!
* * * LOW HITPOINT WARNING * * *
The death knight burns you.
* * * LOW HITPOINT WARNING * * *
Your plate armour prevents you from hitting the death knight.
The death knight is lightly wounded.
You feel sick.
You barely miss the death knight.
The death knight is lightly wounded.
You feel sick.
The death knight hits you with a +1 battleaxe of flaming!
You die...

#.#..###.#.###.' #....#
#.#...#..#..#..# #....#
#.##...........####....###
#..#lZ#Z. ..#..#..♣.#.....
..©#©.#.###.#..#©.....#
...#.(#Yl#..#..#..♣..#....
..##...Z.....Ko####.#.# . #
..#...#..#..#YS#:!#.#.# .#
..#..###.#.###lp@$#.#.# ..#
#.#...#..#..#.Z#[.#(#.###..###
#.##..(........#♣##.#.........
#..##...#####..###.........###
##..#####...####...##..##.....
##...............###..##....#
#.........###......[........
####.............##.........
#...#########.###.####..#


You could see a death knight, an ice beast, a big kobold, an iguana, an adder
and a quokka zombie.

Vanquished Creatures
  Pikel (D:6)
  Menkaure (D:6)
  4 slaves (D:5)
  2 phantoms
  A sky beast (D:7)
  2 ogres (D:7)
  2 centaurs (D:5)
  A crocodile (D:7)
  The ghost of korppi the Cudgeler, an amateur GrMo (D:3)
  5 bullfrogs
  A crimson imp (D:7)
  A quasit (Abyss:1)
  3 bullfrog zombies
  2 orc priests
  2 iguanas
  4 orc wizards
  Natasha (thrice) (D:3)
  4 worker ants
  2 hound skeletons
  A worker ant zombie (D:5)
  3 gnolls (D:3)
  8 adders
  An ooze (D:3)
  2 adder skeletons (D:5)
  An adder zombie (D:6)
  A worm (D:3)
  3 dart slugs (D:1)
  6 leopard geckos
  14 orcs
  5 bats
  4 giant cockroaches
  2 gnoll zombies (D:3)
  8 goblins
  5 hobgoblins
  2 jackals (D:2)
  3 quokkas
  3 frilled lizards
  A jackal zombie (D:3)
  11 kobolds
  A leopard gecko skeleton (D:3)
  A quokka skeleton (D:4)
  4 rats
132 creatures vanquished.

Notes
Turn   | Place    | Note
-------+----------+-------------------------------------------
     0 | Abyss:1  | Gargoyl the Centaur Abyssal Knight began the quest for the
                  | Orb.
     0 | Abyss:1  | Reached XP level 1. HP: 19/19 MP: 2/2
     1 | Abyss:1  | Found a corrupted altar of Lugonu.
    90 | Abyss:1  | Found a corrupted altar of Lugonu.
   104 | Abyss:1  | Noticed a quasit
   116 | Abyss:1  | Killed a quasit
   116 | Abyss:1  | Reached XP level 2. HP: 16/27 MP: 3/3
   116 | Abyss:1  | Reached XP level 3. HP: 19/33 MP: 4/4
   158 | Abyss:1  | Noticed a neqoxec
   175 | Abyss:1  | Noticed a thrashing horror
   178 | D:1      | Escaped the Abyss
   251 | D:1      | Reached * piety under Lugonu
  1122 | D:2      | Reached skill level 1 in Dodging
  1333 | D:2      | Reached XP level 4. HP: 40/40 MP: 5/5
  1494 | D:2      | Reached ** piety under Lugonu
  2089 | D:3      | Noticed Natasha
  2091 | D:3      | Found a runed translucent gate.
  2100 | D:3      | Killed Natasha
  2102 | D:3      | Found a runed translucent gate.
  2103 | D:3      | Found a runed translucent gate.
  2108 | D:3      | Reached XP level 5. HP: 17/46 MP: 5/7
  2111 | D:3      | Noticed Natasha
  2121 | D:3      | Killed Natasha
  2298 | D:3      | Noticed korppi's ghost (amateur GrMo)
  2542 | D:3      | Noticed Natasha
  2554 | D:3      | Killed Natasha
  2839 | D:3      | Found a basalt altar of Yredelemnul.
  3114 | D:3      | Killed korppi's ghost
  3114 | D:3      | Reached XP level 6. HP: 52/52 MP: 5/8
  3584 | D:4      | Found a glowing silver altar of Zin.
  3892 | D:5      | Entered Level 5 of the Dungeon
  4185 | D:4      | Reached XP level 7. HP: 45/60 MP: 7/9
  4876 | D:6      | Reached *** piety under Lugonu
  5272 | D:5      | Found a staircase to the Ecumenical Temple.
  6209 | D:6      | Noticed Menkaure
  6224 | D:6      | Noticed Pikel
  6228 | D:6      | Killed Menkaure
  6228 | D:6      | Reached XP level 8. HP: 34/67 MP: 3/11
  6988 | D:6      | Killed Pikel
  6988 | D:6      | Reached skill level 5 in Armour
  7523 | D:7      | Reached skill level 5 in Fighting
  7617 | D:7      | Reached skill level 5 in Axes
  7893 | D:7      | Found a sacrificial altar of Ru.
  8158 | D:7      | Found a transporter.
  8160 | D:7      | Noticed a death knight
  8193 | D:7      | Got a polished flail
  8199 | D:7      | Identified the +4 flail of Weapir {freeze, -Tele MR+++}
                  | (You found it on level 7 of the Dungeon)
  8209 | D:7      | Reached XP level 9. HP: 62/74 MP: 12/12
  8221 | D:7      | Reached skill level 5 in Invocations
  8270 | D:7      | Reached skill level 1 in Maces & Flails
  8387 | D:7      | Found a transporter.
  8425 | D:7      | Mangled by a death knight

Levels and vault maps discovered:
D:1:      evilmike_arrival_hilbert_curve, layout_basic
D:2:      layout_loops_ring
D:3:      layout_loops_ring, lemuel_zombie_altar_yredelemnul,
          gammafunk_ghost_necromancy, uniq_natasha
D:4:      layout_loops_ring, zin_treasury, corexii_checkpoint_a
D:5:      layout_layer_cave, minmay_temple_entry_large_hall, first_ration,
          minmay_manual_mares
D:6:      layout_cave_pools, enter_ossuary_2, serial_glass, glass_columns_a,
          glass_columns_a, uniq_pikel, uniq_menkaure
D:7:      gammafunk_the_bubble [the_bubble_gammafunk_plus_minus],
          layout_loops_ring, nicolae_ru_sacrificial_ziggurat, serial_glass,
          glass_columns_a, glass_columns_a, minmay_strange_pillars,
          due_unseen_surprise, item_on_display_a, grunt_ogre_cave

Skill      XL: |  1  2  3  4  5  6  7  8  9 |
---------------+----------------------------+-----
Axes           | 2 3 4 5 |  5.4
Fighting       | 4 5 |  5.2
Dodging        | 1 2 3 |  3.5
Armour         | 2 3 4 5 |  5.8
Invocations    | 3 4 5 |  5.2
Maces & Flails | 1 |  1.5
Evocations     | |  0.6

Action                   |  1- 3 |  4- 6 |  7- 9 || total
-------------------------+-------+-------+-------++-------
Melee: Hand axe          |    88 |   246 |   266 ||   600
       Kick              |     9 |    52 |    91 ||   152
       Flail             |       |       |    65 ||    65
Invok: Depart the Abyss  |     1 |       |       ||     1
Evoke: Wand              |       |       |     2 ||     2
  Use: Potion            |     2 |     4 |     4 ||    10
       Scroll            |     4 |     5 |     9 ||    18
 Stab: Paralysed         |       |       |     2 ||     2
  Eat: Chunk             |       |     7 |     3 ||    10
       Ration            |       |       |     3 ||     3
Armor: Leather armour    |    23 |       |       ||    23
       Chain mail        |    61 |   118 |       ||   179
       Plate armour      |       |   100 |   336 ||   436
Dodge: Dodged            |    37 |    45 |    69 ||   151

Table legend:
 A = Non-vault XP
 B = Vault XP
 C = Vault XP percentage of total XP
 D = Non-vault monster count
 E = Vault monster count
 F = Vault count percentage of total count
                 A         B        C        D         E       F
            +---------+---------+-------+---------+---------+-------
      Total |    2069 |    1366 |  39.8 |     111 |      17 |  13.3
            +---------+---------+-------+---------+---------+-------
        D:1 |      35 |       0 |   0.0 |      16 |       0 |   0.0
        D:2 |      57 |       0 |   0.0 |      21 |       0 |   0.0
        D:3 |     323 |     184 |  36.3 |      26 |       7 |  21.2
        D:4 |     192 |       5 |   2.5 |      10 |       2 |  16.7
        D:5 |     108 |     224 |  67.5 |       8 |       2 |  20.0
        D:6 |     253 |     779 |  75.5 |      13 |       2 |  13.3
        D:7 |    1056 |     174 |  14.1 |      16 |       4 |  20.0
    Abyss:1 |      45 |       0 |   0.0 |       1 |       0 |   0.0
            +---------+---------+-------+---------+---------+-------
